 Dungeon Crawl Stone Soup version 0.17-a0-2127-g1cb09f6 (webtiles) character file.

6773 4thArraOfDagon the Slicer (level 10, -1/86 HPs)
             Began as a Centaur Artificer on Oct 23, 2015.
             Was a Believer of Dithmenos.
             Slain by a killer bee (2 damage)
             ... on level 11 of the Dungeon.
             The game lasted 00:31:29 (5267 turns).

4thArraOfDagon the Slicer (Centaur Artificer)       Turns: 5267, Time: 00:31:29

Health: -1/86      AC:  9    Str: 15    XL:     10   Next: 76%
Magic:  14/14      EV:  8    Int: 14    God:    Dithmenos [**....]
Gold:   358        SH:  0    Dex:  9    Spells: 0 memorised, 9 levels left

rFire  . . .     SeeInvis .     i - +7 triple sword (elec)
rCold  + + .     Clarity  .     q - +1 scale mail {rC+}
rNeg   . . .     SustAt   .     (no shield)
rPois  .         Gourm    .     (no helmet)
rElec  .         Spirit   .     (no cloak)
rCorr  .         Warding  .     B - +1 pair of gloves
rMut   .         Stasis   .     (no barding)
MR     +....                    (no amulet)
Stlth  ..........               r - ring of protection from cold
                                E - ring of protection from magic

@: lethally poisoned (-1 -> -8), wreathed by umbra, very quick, somewhat
resistant to hostile enchantments, extremely unstealthy
A: hooves 3, deformed body, speed 2, tough skin 3
a: Shadow Step, Renounce Religion


You were on level 11 of the Dungeon.
You worshipped Dithmenos.
Dithmenos was pleased with you.
You were not hungry.

You visited 2 branches of the dungeon, and saw 13 of its levels.
You also visited: Sewer and Ossuary.

You collected 358 gold pieces.

Inventory:

Hand Weapons
 a - a +1 short sword
 g - a +1 flail of protection
 i - a +7 triple sword of electrocution (weapon)
 l - the +3 rapier "Qonolu Ewae" {pierce, rElec rPois Str+7 Dex-5}
   (You acquired it on level 10 of the Dungeon)

   It inflicts extra damage upon your enemies.
   It affects your strength (+7).
   It affects your dexterity (-5).
   It insulates you from electricity.
   It protects you from poison.
 s - a +0 blowgun
 J - a +1 short sword of distortion
Missiles
 t - 18 poisoned needles
 G - a throwing net (quivered)
 I - 4 javelins
Armour
 q - a +1 scale mail of cold resistance (worn)
 B - a +1 pair of gloves (worn)
Rods
 D - a +0 lightning rod (11/11)
   (You found it on level 10 of the Dungeon)
Jewellery
 r - a ring of protection from cold (right hand)
 v - an uncursed ring of protection from magic
 E - a ring of protection from magic (left hand)
 F - an uncursed ring of magical power
Wands
 b - a wand of magic darts (33)
 c - a wand of flame (1)
 d - a wand of enslavement (1)
 e - a wand of random effects (11)
 k - a wand of cold (1)
 x - a wand of confusion (0)
 y - a wand of cold (0)
Scrolls
 h - 4 scrolls of fog
 j - 10 scrolls of remove curse
 o - a scroll of holy word
 C - a scroll of immolation
 H - a scroll of noise {unknown}
Potions
 m - 2 potions of flight
 p - a potion of lignification
 w - a potion of magic {unknown}
 A - 2 potions of brilliance
Comestibles
 f - 7 bread rations
 n - a chunk of flesh
 u - 7 beef jerkies
 z - 4 meat rations
 K - 4 fruits


   Skills:
 - Level 7.1 Fighting
 - Level 8.3(8.4) Short Blades
 * Level 2.2(5.7) Long Blades
 + Level 5.5 Dodging
 * Level 5.4 Stealth
 + Level 5.8 Invocations
 - Level 3.2 Evocations


You had 9 spell levels left.
You didn't know any spells.

Dungeon Overview and Level Annotations

Branches:
Dungeon (12/15)            Temple (1/1) D:7
   Lair: D:8-11         Orc: D:9-12

Altars:
Ashenzari
Dithmenos
Elyvilon
Fedhas
Gozag
Kikubaaqudgha
Makhleb
Qazlal
Ru
Sif Muna
Trog
Vehumet
Xom
Yredelemnul
The Shining One


Innate Abilities, Weirdness & Mutations

You have hooves in place of feet.
Armour fits poorly on your strangely shaped body.
You cover ground very quickly.
You have extremely tough skin (AC +3).


Message History

You barely miss the killer bee. You kick the killer bee.
The killer bee is almost dead.
You feel very sick.
The killer bee struggles to escape the net. x3
You barely miss the killer bee. Your kick misses the killer bee.
The killer bee is almost dead.
You feel sick.
The killer bee struggles to escape the net.
The killer bee breaks free.
The killer bee stings you but does no damage.
The killer bee stings you.
* * * LOW HITPOINT WARNING * * *
You barely miss the killer bee. Your kick misses the killer bee.
The killer bee is almost dead.
* * * LOW HITPOINT WARNING * * *
You feel sick. The killer bee stings you.
* * * LOW HITPOINT WARNING * * *
The killer bee stings you but does no damage.
The killer bee stings you.
You die...

######......# ######
#......<....# #....#
#.####......#
'....####.# #......#
#..!.'....# #......#
#....###### #......#
###'## #......# ##.#
#......# ##..# ###@####
#..## #.y.## #.##
###..# #'########
#######.###
.........####.........#
.........+..#.........#
.........##.#>........#
.........##.#.........#
.........##....y......#


You could see a killer bee.

Vanquished Creatures
  Rupert (D:12)
  2 hill giants (D:10)
  An ugly thing (D:12)
  A deep elf mage (D:11)
  6 yaks (D:10)
  2 hippogriffs
  2 orc warriors (D:9)
  3 hogs (D:12)
  A water moccasin (D:11)
  2 ice beasts (D:9)
  Purgy (Sewer)
  2 phantoms
  A black bear (D:9)
  4 ogres
  2 giant frogs
  3 killer bees (D:11)
  A scorpion (D:11)
  A wyvern skeleton (D:10)
  3 wights (D:10)
  2 jellies
  3 orc priests (D:9)
  3 centaur skeletons
  An iguana (D:11)
  7 worker ants
  3 orc wizards (D:9)
  A big kobold zombie (Ossuary)
  A hound zombie (Ossuary)
  3 mummies (Ossuary)
  A hound skeleton (D:10)
  A worker ant zombie (D:10)
  A river rat (D:3)
  2 adders (D:11)
  3 shadow imps
  3 giant geckos
  11 orcs
  3 bats
  2 giant cockroaches
  A gnoll zombie (Ossuary)
  4 hobgoblins
  8 kobolds
  2 giant newts
  2 goblins (D:1)
  3 jackals (D:6)
  A jackal zombie (Ossuary)
  A quokka (D:3)
  4 rats
116 creatures vanquished.

Vanquished Creatures (collateral kills)
  A scorpion (D:7)
  An orc priest (D:9)
  A worker ant (D:7)
  A hound zombie (Ossuary)
  A mummy (Ossuary)
  An adder zombie (Ossuary)
  A quokka (D:3)
  2 hobgoblin zombies (Ossuary)
  A jackal zombie (Ossuary)
  2 kobold zombies (Ossuary)
  A rat zombie (Ossuary)
13 creatures vanquished.

Vanquished Creatures (others)
  2 giant frogs
  A river rat (D:3)
3 creatures vanquished.

Grand Total: 132 creatures vanquished

Notes
Turn   | Place    | Note
--------------------------------------------------------------
     0 | D:1      | 4thArraOfDagon the Centaur Artificer began the quest for the Orb.
     0 | D:1      | Reached XP level 1. HP: 16/16 MP: 2/2
   149 | D:1      | Reached skill level 1 in Short Blades
   218 | D:1      | Reached XP level 2. HP: 10/23 MP: 4/4
   293 | D:1      | You fall through a shaft!
   447 | D:3      | Found a glowing drain.
   485 | Sewer    | Entered a sewer
   632 | Sewer    | Noticed Purgy
   639 | Sewer    | Killed Purgy
   639 | Sewer    | Reached XP level 3. HP: 12/30 MP: 5/5
   639 | Sewer    | Reached XP level 4. HP: 14/37 MP: 6/6
   640 | Sewer    | :(
   699 | Sewer    | Reached skill level 3 in Short Blades
   952 | D:4      | Noticed an ogre
   957 | D:4      | Killed an ogre
   957 | D:4      | Reached XP level 5. HP: 27/44 MP: 7/7
  1006 | D:4      | Found an opulent altar of Gozag.
  1062 | D:5      | Entered Level 5 of the Dungeon
  1206 | D:6      | Noticed an ogre
  1220 | D:6      | Killed an ogre
  1220 | D:6      | Reached XP level 6. HP: 48/51 MP: 8/8
  1229 | D:6      | Found a sand-covered staircase.
  1237 | Ossuary  | Entered an ossuary
  1632 | D:7      | Noticed an ogre
  1643 | D:7      | an ogre (ally) was killed
  1704 | D:7      | Noticed an ice beast
  1745 | D:7      | Found a staircase to the Ecumenical Temple.
  1745 | D:7      | Noticed a hippogriff
  1753 | Temple   | Entered the Ecumenical Temple
  1785 | Temple   | Became a worshipper of Dithmenos the Shadowed
  1823 | Temple   | Killed a hippogriff
  1823 | Temple   | Reached skill level 4 in Fighting
  1823 | Temple   | Reached skill level 1 in Stealth
  1823 | Temple   | Reached XP level 7. HP: 20/59 MP: 9/9
  1903 | D:7      | Found a white marble altar of Elyvilon.
  1977 | D:7      | Noticed an ice beast
  1991 | D:7      | Noticed a phantom
  2006 | D:6      | Noticed an ogre
  2031 | D:6      | Killed an ogre
  2383 | D:9      | Reached skill level 5 in Short Blades
  2443 | D:10     | Entered Level 10 of the Dungeon
  2464 | D:10     | Reached XP level 8. HP: 40/67 MP: 10/10
  2474 | D:10     | Identified a scroll of acquirement
  2476 | D:10     | Noticed a hill giant
  2524 | D:10     | Killed a hill giant
  2524 | D:10     | Reached skill level 5 in Fighting
  2598 | D:10     | Got a brightly glowing rapier
  2599 | D:10     | Identified the +3 rapier "Qonolu Ewae" {pierce, rElec rPois Str+7 Dex-5} (You acquired it on level 10 of the Dungeon)
  2600 | D:10     | :(
  2655 | D:10     | Reached skill level 6 in Short Blades
  2730 | D:10     | Reached * piety under Dithmenos
  2824 | D:10     | Noticed a hill giant
  2864 | D:10     | Killed a hill giant
  2864 | D:10     | Reached XP level 9. HP: 36/75 MP: 11/11
  2933 | D:10     | Noticed a yak
  2933 | D:10     | Noticed a yak
  2935 | D:10     | Noticed a yak
  2935 | D:10     | Noticed a yak
  2936 | D:10     | Noticed a yak
  2936 | D:10     | Noticed a yak
  2939 | D:10     | Killed a yak
  2940 | D:10     | Killed a yak
  2940 | D:10     | Killed a yak
  2940 | D:10     | Reached skill level 7 in Short Blades
  2940 | D:10     | Killed a yak
  2975 | D:10     | Killed a yak
  2993 | D:10     | Killed a yak
  3194 | D:11     | Noticed a centaur skeleton
  3209 | D:11     | Killed a centaur skeleton
  3346 | D:11     | Noticed DEFE's ghost (journeyman OpFi)
  3468 | D:12     | Noticed Rupert
  3555 | D:12     | Noticed a green ugly thing
  3567 | D:12     | Reached skill level 5 in Dodging
  3567 | D:12     | Reached XP level 10. HP: 38/84 MP: 13/13
  3655 | D:12     | Killed Rupert
  3655 | D:12     | Reached skill level 8 in Short Blades
  3655 | D:12     | Reached skill level 5 in Invocations
  3668 | D:12     | Killed a green ugly thing
  3845 | D:12     | Reached skill level 5 in Stealth
  3848 | D:12     | Reached ** piety under Dithmenos
  3848 | D:12     | Reached skill level 1 in Long Blades
  4383 | D:9      | Found a basalt altar of Yredelemnul.
  5267 | D:11     | HP: 1/86 [killer bee (4)]
  5267 | D:11     | Slain by a killer bee

Vault maps used:
D:1:      scummos_arrival_gate, serial_bayou_crossing
D:3:      portal_sewer_entry_a, serial_bayou_pond_c
D:4:      nicolae_overflow_hidden_temple, first_bread
D:5:      nemelex_deck, st_stairs_14
D:6:      zin_angel, basic_altar, enter_ossuary_1
D:7:      kennysheep_little_box, minmay_temple_entry_hall, grunt_ogre_cave,
          minmay_three_doors
D:8:      david_lair_generic, serial_shops, shop, minmay_misc_feat_iff,
          minmay_orc_keep, uniq_erolcha
D:9:      yredelemnul_altar_generic
D:12:     minmay_elf_outpost, orc_0_dummy, minmay_another_anthill, uniq_kirke,
          uniq_rupert
Temple:   circular_temple_12
Sewer:    kennysheep_door_sewer
Ossuary:  ossuary_minmay_tomb_2a

Action                   |  1- 3 |  4- 6 |  7- 9 | 10-12 || total
-------------------------+-------+-------+-------+-------++-------
Melee: Short sword       |    40 |   109 |    23 |       ||   172
       Rapier            |       |       |    80 |    54 ||   134
       Triple sword      |       |       |       |    63 ||    63
 Fire: Blowgun           |       |    11 |    86 |    18 ||   115
Throw: Throwing net      |       |       |     3 |     3 ||     6
       Javelin           |       |       |       |     3 ||     3
Evoke: Wand              |     5 |    20 |    17 |     9 ||    51
       Rod               |       |       |     3 |     3 ||     6
  Use: Potion            |     1 |       |     1 |     7 ||     9
       Scroll            |       |    13 |     7 |     7 ||    27
 Stab: Sleeping          |     1 |       |       |       ||     1
       Confused          |       |     1 |     2 |       ||     3
       Held in net/web   |       |       |     3 |     1 ||     4
  Eat: Chunk             |       |     2 |     5 |     4 ||    11
       Pizza             |       |       |       |     1 ||     1
